 Dungeon Crawl Stone Soup version 0.20-a0-984-ge8aa303 (webtiles) character file.

200 dobroeutro the Cudgeler (level 5, 0/32 HPs)
             Began as a Gargoyle Fighter on Apr 10, 2017.
             Slain by a mummy (6 damage)
             ... in an ossuary.
             The game lasted 00:03:08 (1955 turns).

dobroeutro the Cudgeler (Gargoyle Fighter)          Turns: 1955, Time: 00:03:08

Health: 0/32       AC: 12    Str: 25    XL:     5   Next: 79%
Magic:  5/5        EV:  7    Int:  8    God:
Gold:   142        SH:  9    Dex: 10    Spells: 4/4 levels left

rFire    . . .     SeeInvis .   a - +0 flail
rCold    . . .     Gourm    .   c - +0 shield
rNeg     + . .     Faith    .   b - +0 scale mail
rPois    ∞         Spirit   .   (no helmet)
rElec    +         Reflect  .   (no cloak)
rCorr    .         Harm     .   v - +0 pair of gloves
MR       .....                  (no boots)
Stlth    ..........             (no amulet)
Regen    0.1/turn               (no ring)
MPRegen  0.1/turn               (no ring)

@: mighty
A: negative energy resistance 1, electricity resistance, unbreathing,
petrification resistance, rot immunity, AC +4
a: no special abilities


You were in an ossuary.
You were not hungry.

You visited 1 branch of the dungeon, and saw 4 of its levels.
You also visited: Ossuary.

You collected 142 gold pieces.

Inventory:

Hand Weapons
 a - a +0 flail (weapon)
Armour
 b - a +0 scale mail (worn)
 c - a +0 shield (worn)
 v - a +0 pair of gloves (worn)
Wands
 w - a wand of lightning (3/15)
Scrolls
 i - a scroll of magic mapping {unknown}
 k - 7 scrolls of identify {unknown}
 n - 3 scrolls of remove curse {unknown}
 p - a scroll of blinking {unknown}
 q - 2 scrolls of amnesia {unknown}
 r - a scroll of enchant weapon {unknown}
 s - a scroll of enchant armour {unknown}
 t - 2 scrolls of noise {unknown}
Potions
 e - a potion of ambrosia {unknown}
 g - 2 potions of mutation {unknown}
 h - a potion of haste {unknown}
 o - a potion of brilliance {unknown}
 u - a potion of invisibility {unknown}
Comestibles
 f - 2 bread rations
 j - 2 fruits
 l - 4 meat rations
 m - 3 royal jellies


   Skills:
 + Level 3.6 Fighting
 * Level 5.6 Maces & Flails
 - Level 3.2 Armour
 - Level 3.2 Shields


You had 4 spell levels left.
You didn't know any spells.

Dungeon Overview and Level Annotations

Branches:
Dungeon (4/15)
 Temple: D:4-7

Altars:
Kikubaaqudgha
Wu Jian


Innate Abilities, Weirdness & Mutations

You are resistant to torment.
Your stone body is resilient. (AC +4)
You are immune to poison.
You resist negative energy. (rN+)
You are resistant to electric shocks. (rElec)
You can survive without breathing.
You are immune to petrification.
You are immune to rotting.


Message History

You destroy the mummy!
The mummy hits you but does no damage.
You thump the mummy!
The mummy is severely damaged.
The mummy hits you!
You are too injured to fight recklessly!
You are too injured to fight recklessly!
You are too injured to fight recklessly!
You are too injured to fight recklessly!
You are too injured to fight recklessly!
You are too injured to fight recklessly!
You are too injured to fight recklessly!
You sock the mummy!
You destroy the mummy!
The mummy hits you!
* * * LOW HITPOINT WARNING * * *
You sock the mummy!
The mummy is moderately damaged.
The mummy hits you.
You die...

### #
#..########.###
##......#.Z....
#...∩.@.+......
##...M..#
#..###### ###


You could see a mummy.

Vanquished Creatures
  An iguana (D:3)
  Ijyb (D:3)
  3 mummies
  4 adders
  An ooze (D:2)
  3 worms
  A dart slug (D:1)
  3 leopard geckos
  An orc (D:2)
  2 ball pythons
  6 bats
  2 giant cockroaches
  5 goblins
  6 hobgoblins
  2 jackals (D:2)
  3 kobolds
  A quokka (D:2)
  A frilled lizard (D:2)
  2 orc zombies (D:4)
  11 rats
  A rat zombie (D:3)
60 creatures vanquished.

Notes
Turn   | Place    | Note
-------+----------+-------------------------------------------
     0 | D:1      | dobroeutro the Gargoyle Fighter began the quest for the Orb.
     0 | D:1      | Reached XP level 1. HP: 14/14 MP: 1/1
    91 | D:1      | Reached XP level 2. HP: 19/19 MP: 2/2
   758 | D:2      | Reached skill level 3 in Maces & Flails
   760 | D:2      | Found an ornate altar of the Wu Jian Council.
   841 | D:2      | Reached XP level 3. HP: 17/23 MP: 3/3
  1037 | D:2      | Reached skill level 4 in Maces & Flails
  1079 | D:2      | Reached XP level 4. HP: 22/28 MP: 4/4
  1650 | D:3      | Reached skill level 5 in Maces & Flails
  1650 | D:3      | Reached XP level 5. HP: 32/32 MP: 5/5
  1764 | D:3      | Noticed Ijyb
  1765 | D:3      | Found an ancient bone altar of Kikubaaqudgha.
  1778 | D:3      | Killed Ijyb
  1926 | D:4      | Found a sand-covered staircase.
  1941 | Ossuary  | Entered an ossuary
  1955 | Ossuary  | Slain by a mummy

Vault maps used:
D:1:      dpeg_arrival_simpleton_a, grunt_decor_clamped
D:2:      lemuel_crystal_altar, st_stairs_11
D:3:      lemuel_zombie_altar_kikubaaqudgha, uniq_iyjb
D:4:      minmay_door_path, minmay_temple_entry_overgrown,
          nicolae_ossuary_entry_giza
Ossuary:  ossuary_minmay_chase

Skill      XL: |  1  2  3  4 |
---------------+-------------+-----
Maces & Flails | 3 4 5 |  5.6
Fighting       | |  3.6
Armour         | |  3.2
Shields        | |  3.2

Action                   |  1- 3 |  4- 6 || total
-------------------------+-------+-------++-------
Melee: Flail             |   120 |   123 ||   243
  Use: Potion            |       |     1 ||     1
  Eat: Chunk             |       |     4 ||     4
Armor: Scale mail        |    69 |    67 ||   136
Dodge: Dodged            |    44 |    30 ||    74
Block: Shield            |    66 |    66 ||   132
